 Dungeon Crawl Stone Soup version 0.21.1-1-g345015fe64 (webtiles) character file.

2808 Ivernyr the Blocker (level 10, -5/77 HPs)
             Began as a Human Fighter on Apr 5, 2018.
             Was a Believer of Elyvilon.
             Slain by a two-headed ogre
             ... wielding a +0 giant spiked club
              (9 damage)
             ... on level 8 of the Dungeon.
             The game lasted 01:16:44 (9834 turns).

Ivernyr the Blocker (Human Fighter)                 Turns: 9834, Time: 01:16:44

Health: -5/77      AC: 15    Str: 17    XL:     10   Next: 2%
Magic:  13/13      EV:  8    Int:  8    God:    Elyvilon [**....]
Gold:   398        SH: 11    Dex: 18    Spells: 9/9 levels left

rFire    + . .     SeeInvis .   E - +9 mace of Peujuntu {flame, rPois Dex+2 Stlth+}
rCold    . . .     Gourm    .   c - +0 shield
rNeg     . . .     Faith    .   b - +0 scale mail
rPois    +         Spirit   .   x - +0 helmet
rElec    .         Reflect  .   D - +1 cloak
rCorr    .         Harm     .   k - +1 pair of gloves
MR       .....                  l - +0 pair of boots
Stlth    +.........             (no amulet)
HPRegen  0.22/turn              j - ring of protection from fire
MPRegen  0.13/turn              (no ring)

@: no status effects
A: no striking features
a: Lesser Healing, Heal Other, Divine Protection, Renounce Religion


You were on level 8 of the Dungeon.
You worshipped Elyvilon.
Elyvilon was pleased with you.
You were not hungry.

You visited 2 branches of the dungeon, and saw 9 of its levels.
You visited the Abyss 1 time.
You also visited: Sewer.

You collected 398 gold pieces.

Inventory:

Hand Weapons
 a - a +0 trident
 E - the +9 mace of Peujuntu (weapon) {flame, rPois Dex+2 Stlth+}
   (You found it on level 7 of the Dungeon)

   It has been specially enchanted to burn those struck by it, causing extra
   injury to most foes and up to half again as much damage against particularly
   susceptible opponents.
   It affects your dexterity (+2).
   It protects you from poison.
   It makes you more stealthy.
Armour
 b - a +0 scale mail (worn)
 c - a +0 shield (worn)
 k - a +1 pair of gloves (worn)
 l - a +0 pair of boots (worn)
 x - a +0 helmet (worn)
 D - a +1 cloak (worn)
Jewellery
 j - a ring of protection from fire (left hand)
Wands
 r - a wand of flame (15)
Scrolls
 e - 8 scrolls of teleportation
 h - 2 scrolls of fog
 i - a scroll of immolation {unknown}
 m - 2 scrolls of amnesia
 o - 2 scrolls of fear
 q - 2 scrolls of enchant armour
 s - a scroll of blinking {unknown}
 u - a scroll of random uselessness {unknown}
 w - a scroll of vulnerability {unknown}
 y - a scroll of magic mapping {unknown}
 B - a scroll of remove curse {unknown}
 F - a scroll of identify
Potions
 d - 2 potions of might
 g - a potion of agility {unknown}
 n - a potion of mutation {unknown}
 p - a potion of flight {unknown}
 v - a potion of magic {unknown}
 z - a potion of brilliance {unknown}
 A - 2 potions of curing
 C - a potion of heal wounds
Comestibles
 f - 11 rations


   Skills:
 + Level 6.5 Fighting
 + Level 4.4 Polearms
 + Level 6.6 Armour
 + Level 8.5 Shields
 + Level 4.1 Invocations
 - Level 2.0 Evocations


You had 9 spell levels left.
You didn't know any spells.

Dungeon Overview and Level Annotations

Branches:
Dungeon (8/15)             Temple (1/1) D:5
   Lair: D:8-11

Altars:
Ashenzari
Cheibriados
Elyvilon
Fedhas
Gozag
Hepliaklqana
Kikubaaqudgha
Makhleb
Nemelex Xobeh
Okawaru
Qazlal
Ru
Sif Muna
Trog
Uskayaw
Vehumet
Wu Jian
Xom
Yredelemnul
Zin
The Shining One

Shops:
D:7 =

Annotations:
D:4 2 transporters


Message History

The two-headed ogre is lightly wounded.
The two-headed ogre hits you with a giant spiked club!
The two-headed ogre barely misses you.
You hit the two-headed ogre. You burn the two-headed ogre.
The two-headed ogre is moderately wounded.
The two-headed ogre barely misses you. x2
You hit the two-headed ogre. You burn the two-headed ogre.
The two-headed ogre is moderately wounded.
The two-headed ogre hits you but does no damage.
You block the two-headed ogre's attack.
You hit the two-headed ogre. You burn the two-headed ogre.
The two-headed ogre is heavily wounded.
The two-headed ogre hits you with a giant spiked club!!
You block the two-headed ogre's attack.
You closely miss the two-headed ogre.
The two-headed ogre is heavily wounded.
The two-headed ogre hits you with a giant spiked club!!
* * * LOW HITPOINT WARNING * * *
The two-headed ogre hits you with a giant spiked club!
You die...

##.### #...≈≈≈≈≈≈§§..§≈
#.# #...≈§≈≈§≈≈§≈≈≈§ #.#
#..§≈≈≈≈≈≈≈≈≈≈§ ##'##
#...≈≈≈≈§≈§≈≈≈≈ #...##
#.....≈≈≈§≈§≈§§ .....##
#.#....≈§≈§§§§.
......###.##...§..≈..§.
.......##..:..#####.##.#
.......'........@O......
.......####...#.###.####
......## ##.##.# .....##
#..... #...## ####.##
##+# #.# #.# #.# #.# #.#
##.## #.#


You could see a two-headed ogre.

Vanquished Creatures
  Pikel (D:7)
  Purgy (Sewer)
  A sky beast (D:6)
  An ice beast (D:5)
  A hornet zombie (D:7)
  2 black bears
  2 ogres
  3 centaurs
  4 wights (D:6)
  3 howler monkeys (D:7)
  A crimson imp (D:7)
  A quasit (D:3)
  A centaur skeleton (D:5)
  3 hounds
  8 orc priests
  Crazy Yiuf (D:7)
  2 iguanas
  Natasha (D:4)
  6 orc wizards
  Ijyb (D:4)
  3 worker ants
  Robin (D:4)
  A howler monkey zombie (D:6)
  3 gnolls (D:7)
  10 adders
  2 oozes
  2 adder skeletons
  4 worms
  2 dart slugs
  3 leopard geckos
  33 orcs
  6 giant cockroaches
  16 hobgoblins
  11 jackals
  14 kobolds
  4 quokkas
  A ball python (D:6)
  13 bats
  7 frilled lizards
  15 goblins
  A quokka skeleton (D:6)
  12 rats
208 creatures vanquished.

Vanquished Creatures (others)
  An orc wizard (D:6)
1 creature vanquished.

Grand Total: 209 creatures vanquished

Notes
Turn   | Place    | Note
-------+----------+-------------------------------------------
     0 | D:1      | Ivernyr the Human Fighter began the quest for the Orb.
     0 | D:1      | Reached XP level 1. HP: 18/18 MP: 1/1
   165 | D:1      | Reached XP level 2. HP: 21/24 MP: 2/2
   628 | D:1      | Reached XP level 3. HP: 29/29 MP: 3/3
  1032 | D:2      | Reached XP level 4. HP: 25/35 MP: 4/4
  1660 | D:3      | Reached skill level 4 in Shields
  1699 | D:3      | Reached XP level 5. HP: 23/41 MP: 5/5
  1968 | D:3      | Noticed a centaur
  1991 | D:3      | Killed a centaur
  1991 | D:3      | Reached XP level 6. HP: 47/48 MP: 6/6
  2439 | D:3      | Reached skill level 5 in Shields
  2825 | D:2      | Reached XP level 7. HP: 30/54 MP: 7/7
  3329 | D:4      | Noticed Robin
  3350 | D:4      | Killed Robin
  3403 | D:4      | Noticed Ijyb
  3420 | D:4      | Killed Ijyb
  3509 | D:4      | Found a transporter.
  4031 | D:4      | Found a transporter.
  4855 | D:4      | Noticed Natasha
  4870 | D:4      | Killed Natasha
  5215 | D:5      | Entered Level 5 of the Dungeon
  5248 | D:5      | Reached skill level 1 in Evocations
  5248 | D:5      | Reached XP level 8. HP: 44/61 MP: 8/8
  5253 | D:5      | Reached skill level 6 in Shields
  5407 | D:5      | Reached skill level 5 in Armour
  5412 | D:5      | Reached skill level 5 in Fighting
  5530 | D:5      | Found a staircase to the Ecumenical Temple.
  5537 | Temple   | Entered the Ecumenical Temple
  5601 | Temple   | Became a worshipper of Elyvilon the Healer
  5990 | D:5      | Found an ornate altar of the Wu Jian Council.
  6245 | D:6      | Reached skill level 1 in Invocations
  6392 | D:6      | Found a glowing drain.
  6403 | Sewer    | Entered a sewer
  6416 | Sewer    | Noticed Purgy
  6443 | Sewer    | Killed Purgy
  6580 | Sewer    | Reached * piety under Elyvilon
  6748 | D:6      | Reached skill level 7 in Shields
  6804 | D:6      | Found an opulent altar of Gozag.
  6856 | D:6      | Reached XP level 9. HP: 58/68 MP: 10/10
  8211 | D:7      | Found a burning altar of Makhleb.
  8215 | D:7      | Found a bloodstained altar of Trog.
  8218 | D:7      | Found a glowing golden altar of the Shining One.
  8219 | D:7      | Found an opulent altar of Gozag.
  8219 | D:7      | Found a snail-covered altar of Cheibriados.
  8219 | D:7      | Found a sacrificial altar of Ru.
  8219 | D:7      | Found a hide-covered altar of Uskayaw.
  8221 | D:7      | Found a radiant altar of Vehumet.
  8222 | D:7      | Found an iron altar of Okawaru.
  8223 | D:7      | Found a deep blue altar of Sif Muna.
  8224 | D:7      | Found a glowing silver altar of Zin.
  8273 | D:7      | Noticed Pikel
  8308 | D:7      | Killed Pikel
  8308 | D:7      | Reached skill level 8 in Shields
  8354 | D:7      | Reached ** piety under Elyvilon
  8517 | D:7      | Found Yheupp's Jewellery Boutique.
  9147 | D:7      | Found a runed door.
  9151 | D:7      | Noticed Crazy Yiuf
  9157 | D:7      | Cast into level 1 of the Abyss (Crazy Yiuf)
  9170 | D:7      | Escaped the Abyss
  9170 | D:7      | Paralysed by Crazy Yiuf for 3 turns
  9173 | D:7      | Killed Crazy Yiuf
  9199 | D:7      | Got an ivory mace
  9200 | D:7      | Identified the +9 mace of Peujuntu {flame, rPois Dex+2 Stlth+} (You found it on level 7 of the Dungeon)
  9233 | D:7      | Reached XP level 10. HP: 77/77 MP: 13/13
  9604 | D:7      | Noticed a moth of wrath
  9607 | D:7      | Found a bloodstained altar of Trog.
  9824 | D:8      | Noticed a two-headed ogre
  9834 | D:8      | Slain by a two-headed ogre

Skill      XL: |  1  2  3  4  5  6  7  8  9 |
---------------+----------------------------+-----
Shields        | 4 5 7 8 |  8.5
Polearms       | 3 4 |  4.4
Armour         | 4 5 6 |  6.6
Fighting       | 4 5 6 |  6.5
Evocations     | 1 2 |  2.0
Invocations    | 1 4 |  4.1

Action                   |  1- 3 |  4- 6 |  7- 9 | 10-12 || total
-------------------------+-------+-------+-------+-------++-------
Melee: Trident           |   122 |   291 |   667 |       ||  1080
       Mace              |       |       |     5 |    31 ||    36
Evoke: Wand              |       |       |     4 |     1 ||     5
  Use: Scroll            |       |       |     8 |       ||     8
       Potion            |       |       |     1 |       ||     1
  Eat: Chunk             |     1 |     5 |    19 |     2 ||    27
       Ration            |       |       |     1 |       ||     1
Armor: Scale mail        |    36 |   152 |   311 |    10 ||   509
Dodge: Dodged            |    24 |    72 |   158 |     7 ||   261
Block: Shield            |    56 |   116 |   331 |    25 ||   528
